 Dungeon Crawl Stone Soup version 0.29-a0-337-g68df138881 (webtiles) character file.

Game seed: 12320799571987521340

2970 spaghetti the Wallflower (level 9, -1/78 HPs)
             Began as a Deep Dwarf Transmuter on Apr 17, 2022.
             Was a Follower of Uskayaw.
             Slain by an ogre
             ... wielding a +0 giant spiked club
              (20 damage)
             ... on level 7 of the Dungeon.
             The game lasted 00:16:03 (5411 turns).

spaghetti the Wallflower (Deep Dwarf Transmuter)    Turns: 5411, Time: 00:16:04

Health: -1/78      AC:  3    Str: 22    XL:     9   Next: 52%
Magic:  12/13      EV: 14    Int: 14    God:    Uskayaw [*.....]
Gold:   297        SH:  5    Dex: 20    Spells: 0/14 levels left

rFire   . . .      SeeInvis .   w - +2 rapier of Cepleyb {spect, rC+ Dex+5, short}
rCold   + . .      Faith    .   (no shield)
rNeg    . . .      Spirit   .   a - +0 robe
rPois   .          Reflect  +   (helmet currently unavailable)
rElec   .          Harm     .   (no cloak)
rCorr   .          Rampage  .   E - +0 pair of gloves
Will    +....                   (boots currently unavailable)
Stlth   ++++......              I - amulet of reflection
HPRegen 0.00/turn               r - +6 ring of strength
MPRegen 0.13/turn               t - +4 ring of slaying

@: appendages, wereblooded (expiring)
A: horns 2, talons 2, damage resistance, heal wounds, sense surroundings 2, no
regeneration
a: Heal Wounds, End Transformation, Renounce Religion, Stomp


You were on level 7 of the Dungeon.
You worshipped Uskayaw.
Uskayaw was noncommittal.
You had temporarily grown beastly horns and talons.
You visited 1 branch of the dungeon, and saw 7 of its levels.

You collected 297 gold pieces.


Innate Abilities, Weirdness & Mutations

You have temporarily grown beastly horns and talons.
You are resistant to damage.
You can heal yourself by infusing magical energy.
You passively map the area around you.
You do not regenerate.


   Skills:
 + Level 4.3 Fighting
 + Level 3.1 Short Blades
 + Level 4.3 Dodging
 * Level 7.3 Stealth
 - Level 2.6 Unarmed Combat
 + Level 3.3 Spellcasting
 - Level 3.0 Conjurations
 * Level 2.2 Necromancy
 + Level 4.3 Transmutations
 - Level 1.0 Air Magic
 - Level 2.0 Poison Magic
 * Level 7.5 Invocations


You couldn't memorise any spells.
You knew the following spells:

 Your Spells              Type           Power      Damage    Failure   Level
a - Beastly Appendage     Tmut           28%        N/A       3%          1
b - Wereblood             Tmut           14%        N/A       5%          2
c - Mephitic Cloud        Conj/Pois/Air  7%         N/A       26%         3
d - Call Imp              Summ           2%         N/A       30%         2
e - Corpse Rot            Necr/Air       12%        N/A       16%         2
f - Dispel Undead         Necr           8%         3d8       63%         4

Your spell library contained the following spells:

 Spells                   Type           Power      Damage    Failure   Level
 Magic Dart               Conj           40%        1d5       6%          1
 Passwall                 Tmut/Erth      6%         N/A       13%         2
 Spider Form              Tmut/Pois      11%        N/A       17%         3
 Apportation              Tloc           4%         N/A       21%         1
 Sandblast                Erth           4%         2d4       21%         1
 Stone Arrow              Conj/Erth      12%        3d7       32%         3
 Inner Flame              Hex/Fire       2%         N/A       52%         3
 Tukima's Dance           Hex            2%         N/A       52%         3
 Ice Form                 Ice/Tmut       8%         N/A       63%         4
 Anguish                  Hex/Necr       2%         N/A       78%         4
 Alistair's Intoxication  Tmut/Pois      7%         N/A       83%         5
 Cause Fear               Hex            1%         N/A       90%         4
 Death Channel            Necr           4%         N/A       100%        6
 Enfeeble                 Hex            1%         N/A       100%        7
 Discord                  Hex            1%         N/A       100%        8

Inventory:

Hand Weapons
 d - a +0 dagger {short}
   (You took it off a goblin on level 1 of the Dungeon)
 g - a +0 dagger {short}
   (You took it off a kobold on level 2 of the Dungeon)
 j - a +0 dagger {short}
   (You found it on level 2 of the Dungeon)
 w - the +2 rapier of Cepleyb (weapon) {spect, rC+ Dex+5, short}
   (You found it on level 4 of the Dungeon)

   When its wielder attacks, the weapon's spirit leaps out and strikes again.
   The spirit shares a part of any damage it takes with its wielder.
   Dex:       It affects your dexterity (+5).
   rC:        It protects you from cold.
Missiles
 e - 186 stones (quivered) {throwing}
 s - 6 poisoned darts {throwing}
 y - 2 javelins {throwing}
 C - 3 throwing nets {=f!fthrowing}
Armour
 a - a +0 robe (worn)
 B - a +0 hat (melded)
   (You found it on level 4 of the Dungeon)
 E - a +0 pair of gloves (worn)
   (You found it on level 5 of the Dungeon)
Jewellery
 k - an amulet of guardian spirit
   (You took it off a hobgoblin on level 2 of the Dungeon)
 r - a +6 ring of strength (left hand)
   (You found it on level 3 of the Dungeon)
 t - a +4 ring of slaying (right hand)
   (You found it on level 3 of the Dungeon)
 A - a ring of positive energy
   (You found it on level 4 of the Dungeon)
 I - an amulet of reflection (around neck)
   (You found it on level 6 of the Dungeon)
Wands
 c - a wand of flame (13)
   (You found it on level 3 of the Dungeon)
 x - a wand of paralysis (13)
   (You found it on level 4 of the Dungeon)
 G - a wand of digging (6)
   (You found it on level 5 of the Dungeon)
Scrolls
 b - 3 scrolls of blinking {unknown}
 f - a scroll of teleportation {unknown}
 l - a scroll of fear {unknown}
 m - 3 scrolls of noise {unknown}
 n - 2 scrolls of amnesia {unknown}
 p - a scroll of acquirement {unknown}
 q - a scroll of enchant weapon {unknown}
 u - a scroll of vulnerability {unknown}
 z - 7 scrolls of identify {unknown}
 F - a scroll of magic mapping {unknown}
 H - a scroll of enchant armour {unknown}
 K - a scroll of immolation {unknown}
Potions
 h - 2 potions of attraction {!q}
 i - a potion of haste {@q3}
 o - 2 potions of brilliance
 v - a potion of heal wounds {@q2}
 D - a potion of resistance {unknown}
 J - 2 potions of mutation {unknown}

Dungeon Overview and Level Annotations

Branches:
Dungeon (7/15)             Temple (0/1) D:6

Altars:
Hepliaklqana
Uskayaw
Wu Jian

Shops:
D:1 (

Annotations:
D:5 1 runed translucent door, Antichthon's ghost, novice NaWr

* ** * ###########....... * ,
#.........#..o.... *, ,,
,,,#.........#....... , , ,
#...).....#....... ,
..#.........#..o.... , ,
..#######...#.o.....
........#..@#..o.... , *
,,.........#..(O.o.....,,
.........#...#......>, *
,.........#...######## *
,.........'....+ , *
.........#....#,, ,, , , ,,
.......<.#....# , ,
,,,.........#....# +.....# ,
,.........##############[....#


You could see an ogre, an orc wizard and a friendly +2 rapier of Cepleyb {spect,
rC+ Dex+5, short} (summoned).


Message History

* * * LOW HITPOINT WARNING * * *
The black bear misses you. The black bear claws you.
You can now pass through a line of other dancers. 😨 HP[-1]
You take 1 damage, and now have 34/78 hp.
You puncture the black bear!
Your +2 rapier of Cepleyb {spect, rC+ Dex+5, short} hits the black bear.
The black bear misses you. The black bear barely misses you.
The black bear closely misses you.
You closely miss the black bear.
Your +2 rapier of Cepleyb {spect, rC+ Dex+5, short} barely misses the black bear.
The black bear bites you!
* * * LOW HITPOINT WARNING * * *
The black bear misses you. The black bear claws you.
* * * LOW HITPOINT WARNING * * *
😨 HP[-7]
You take 7 damage, and now have 27/78 hp.
You puncture the black bear!
You feel a bit better.
You kill the black bear!
Your Necromancy skill increases to level 2! 😨 HP[+1]
Your primal bloodlust is almost over.
You now have enough gold to buy a runed great sword on D:1.
You can access your shopping list by pressing '$'.
You now have 297 gold pieces (gained 12). 😨 MP[+2]
Your mp is fully restored (13).
Unknown command.
You open the door.
Your primal bloodlust has ended.
There is an open door here.
You open the door.
Found an escape hatch in the floor.
There is an open door here.
You open the door.
A water moccasin comes into view.
Found a scroll labelled FEBUCA TAXKARU.
Found a stone staircase leading down.
There is an open door here.
A water moccasin is nearby!
The helpless water moccasin fails to defend itself.
You stick the water moccasin like a pincushion!!!
You kill the water moccasin!
Training target 3.0 for Conjurations reached!
Your Conjurations skill increases to level 3!
Found a stone staircase leading up.
z - 7 scrolls labelled FEBUCA TAXKARU (gained 1)
You open the door.
There is an open door here.
You open the door.
There is an open door here.
An orc comes into view. It is wielding a +0 trident.
Casting: Wereblood (safe; 5% risk of failure)
Confirm with . or Enter, or press ? or * to list all spells.
Your blood is infused with primal strength. 😨 MP[-2]
You lost 2 mp, and now have 11/13 mp.
The helpless orc fails to defend itself.
You skewer the orc like a kebab!!!
You feel a bit better.
You kill the orc! 😨 HP[+1]
Things that are here:
a +0 trident {polearm}; a +0 ring mail; an orc corpse 😨 MP[+2]
Your mp is fully restored (13).
You howl as the wereblood boils in your veins!
You open the door.
An ogre and an orc wizard come into view.
The orc wizard shouts!
You hear a shout! x3
An orc comes into view. It is wielding a +0 flail.
An orc wizard comes into view. It is wielding a +0 dagger.
The ogre shouts!
There are monsters nearby!
There are monsters nearby!
There are monsters nearby!
There are monsters nearby!
An orc warrior and an orc wizard come into view.
Found a stone staircase leading down.
The orc wizard gestures at you while chanting.
The puff of flame hits you!
* * * LOW HITPOINT WARNING * * *
There is an open door here. 😱 HP[-10]
You take 10 damage, and now have 19/78 hp.
The orc wizard attacks as you move away!
The orc wizard hits you but does no damage.
Your primal bloodlust is almost over.
Casting: Wereblood (safe; 5% risk of failure)
Confirm with . or Enter, or press ? or * to list all spells.
You grow a pair of large bovine horns.
Your feet morph into talons.
Your +0 hat melds into your body. 😱 MP[-1]
You lost 1 mp, and now have 12/13 mp.
Aiming: Paralyse
Press: ? - help, Shift-Dir - straight line, f - ogre
Aim: an ogre, wielding a +0 giant spiked club (chance to affect: 49%)
The ogre resists with some effort.
You barely miss the ogre.
Your +2 rapier of Cepleyb {spect, rC+ Dex+5, short} hits the ogre.
The ogre hits you with a +0 giant spiked club!!
You die...

Skill      XL: |  1  2  3  4  5  6  7  8  9 |
---------------+----------------------------+-----
Fighting       | 1 2 3 4 |  4.3
Spellcasting   | 2 3 |  3.3
Transmutations | 2 3 4 |  4.3
Stealth        | 1 2 3 4 5 6 7 |  7.3
Invocations    | 1 2 3 4 5 6 7 |  7.5
Short Blades   | 1 2 3 |  3.1
Conjurations   | 1 2 3 |  3.0
Air Magic      | 1 |  1.0
Poison Magic   | 1 2 |  2.0
Dodging        | 3 4 |  4.3
Necromancy     | 2 |  2.2
Unarmed Combat | |  2.6

Action                   |  1- 3 |  4- 6 |  7- 9 || total
-------------------------+-------+-------+-------++-------
Melee: Unarmed           |    21 |       |       ||    21
       Kick              |    18 |    17 |    11 ||    46
       Headbutt          |    11 |     7 |     7 ||    25
       Dagger            |    55 |   155 |       ||   210
       Punch             |     1 |     3 |     3 ||     7
       Rapier            |       |    23 |    89 ||   112
Throw: Stone             |    16 |    13 |    12 ||    41
 Cast: Beastly Appendage |    16 |    14 |    11 ||    41
       Wereblood         |    10 |    21 |    21 ||    52
Invok: Stomp             |     1 |       |       ||     1
       Line Pass         |       |     2 |       ||     2
 Abil: Heal Wounds       |     1 |     2 |       ||     3
Evoke: Wand              |       |       |     1 ||     1
  Use: Potion            |     3 |     6 |       ||     9
 Stab: Paralysed         |       |     1 |     4 ||     5
       Sleeping          |       |     2 |    11 ||    13
       Distracted        |       |     1 |       ||     1
Armor: Robe              |    12 |    20 |     6 ||    38
       Skin              |     8 |    11 |       ||    19
Dodge: Dodged            |    45 |   105 |    50 ||   200
Block: Other             |       |       |     4 ||     4

Levels and vault maps discovered:
D:1:      eino_arrival_tree_alley, layout_rooms, serial_shops, shop,
          chequers_serial_rivers_micro_e
D:2:      layout_basic, shapermc_ecumenical_altar_pompeii, minivault_11
D:3:      layout_loops_cross, nicolae_grassy_gnolls
D:4:      layout_basic, mainiacjoe_overflow_small_starburst,
          nicolae_ossuary_entry_monument
D:5:      kennysheep_spiral_hall, layout_basic, gammafunk_ghost_grave,
          grunt_ministairs_14, nrook_uturn
D:6:      layout_cave_pools, nzn_wu_jian_contemplation, temple_statues,
          serial_column_ruins, column_ruins_hut_water, column_ruins_hut,
          column_ruins_columns_straight, column_ruins_corridor_straight,
          column_ruins_columns_straight, column_ruins_grid_3,
          column_ruins_open_small, guppyfry_early_elven_hall
D:7:      lemuel_castle_with_subvaults [lemuel_castle_interior_original],
          layout_gridville, serial_shops, shop

Notes
Turn   | Place    | Note
-------+----------+-------------------------------------------
     0 | D:1      | spaghetti the Deep Dwarf Transmuter began the quest for the
                  | Orb.
     0 | D:1      | Reached XP level 1. HP: 16/16 MP: 3/3
     0 | D:1      | magus.rc [v1.9.6]
    21 | D:1      | Reached skill level 1 in Fighting
    76 | D:1      | You pick up a book of Decay and begin reading...
    76 | D:1      | You add the spells Corpse Rot, Dispel Undead and Death
                  | Channel to your library.
    94 | D:1      | Found Lidahi's Antique Weapon Shoppe.
   106 | D:1      | Reached skill level 2 in Spellcasting
   243 | D:2      | Reached XP level 2. HP: 25/25 MP: 3/5
   270 | D:2      | Found a faded altar of an unknown god.
   306 | D:2      | Learned a level 2 spell: Wereblood
   477 | D:2      | Reached skill level 2 in Transmutations
   568 | D:2      | Prayed at the altar of an unknown god.
   568 | D:2      | Became a worshipper of Uskayaw the Reveller
   568 | D:2      | Reached * piety under Uskayaw
   635 | D:2      | Reached skill level 2 in Fighting
  1027 | D:2      | Reached ** piety under Uskayaw
  1028 | D:2      | Reached XP level 3. HP: 32/32 MP: 3/6
  1562 | D:2      | Reached skill level 1 in Stealth
  1562 | D:2      | Reached skill level 1 in Invocations
  1621 | D:3      | HP: 8/32 [gnoll/+0 club (3)]
  1625 | D:3      | Reached *** piety under Uskayaw
  1626 | D:3      | Reached XP level 4. HP: 19/39 MP: 2/7
  1627 | D:3      | Reached skill level 2 in Invocations
  1628 | D:3      | Reached **** piety under Uskayaw
  1630 | D:3      | Reached skill level 2 in Stealth
  1865 | D:3      | HP: 8/40 [orc/+0 falchion (5)]
  1887 | D:3      | HP: 9/40 [iguana (4)]
  1928 | D:3      | Reached XP level 5. HP: 26/46 MP: 0/7
  2627 | D:4      | Reached skill level 3 in Invocations
  2691 | D:4      | Identified the +2 rapier of Cepleyb {spect, rC+ Dex+5}
  2699 | D:4      | Reached skill level 3 in Stealth
  2771 | D:4      | You pick up a book of Minor Magic and begin reading...
  2771 | D:4      | You add the spells Magic Dart, Call Imp and Mephitic Cloud
                  | to your library.
  2852 | D:4      | Learned a level 3 spell: Mephitic Cloud
  2901 | D:4      | Found a hazy altar of Hepliaklqana.
  2954 | D:4      | Reached skill level 1 in Short Blades
  3022 | D:4      | Reached XP level 6. HP: 54/55 MP: 5/8
  3247 | D:4      | Found a sand-covered staircase.
  3274 | D:4      | Reached skill level 3 in Transmutations
  3277 | D:4      | Learned a level 2 spell: Call Imp
  3341 | D:4      | Reached skill level 1 in Conjurations
  3341 | D:4      | Reached skill level 4 in Invocations
  3419 | D:4      | Reached skill level 4 in Stealth
  3512 | D:5      | Entered Level 5 of the Dungeon
  3563 | D:5      | Reached XP level 7. HP: 55/61 MP: 6/9
  3601 | D:5      | You pick up a book of Party Tricks and begin reading...
  3601 | D:5      | You add the spells Apportation and Alistair's Intoxication
                  | to your library.
  3621 | D:5      | Reached skill level 3 in Fighting
  3738 | D:5      | Reached skill level 1 in Air Magic
  3738 | D:5      | Reached skill level 1 in Poison Magic
  3744 | D:5      | Learned a level 2 spell: Corpse Rot
  3780 | D:5      | Reached skill level 3 in Dodging
  3780 | D:5      | Reached skill level 5 in Invocations
  3796 | D:5      | Reached skill level 2 in Short Blades
  3796 | D:5      | Reached skill level 5 in Stealth
  3796 | D:5      | Reached XP level 8. HP: 56/69 MP: 10/10
  3911 | D:5      | Reached skill level 2 in Conjurations
  3996 | D:5      | Found a runed translucent door.
  3998 | D:5      | Noticed Antichthon's ghost (novice NaWr)
  4041 | D:5      | You pick up a book of Party Tricks and begin reading...
  4258 | D:5      | Reached skill level 6 in Invocations
  4500 | D:5      | Reached skill level 6 in Stealth
  4500 | D:5      | Reached skill level 2 in Poison Magic
  4632 | D:6      | Reached skill level 3 in Spellcasting
  4632 | D:6      | Reached skill level 4 in Transmutations
  4670 | D:6      | You pick up a book of Geomancy and begin reading...
  4670 | D:6      | You add the spells Sandblast, Passwall and Stone Arrow to
                  | your library.
  4736 | D:6      | Found an ornate altar of the Wu Jian Council.
  4781 | D:6      | Found a staircase to the Ecumenical Temple.
  4794 | D:6      | Gained mutation: You passively map the area around you.
                  | [Deep Dwarf growth]
  4794 | D:6      | Reached XP level 9. HP: 46/78 MP: 10/12
  4829 | D:6      | You pick up a book of Maledictions and begin reading...
  4829 | D:6      | You add the spells Tukima's Dance, Anguish and Enfeeble to
                  | your library.
  4906 | D:6      | Learned a level 4 spell: Dispel Undead
  4970 | D:6      | You pick up a book of Hexes and begin reading...
  4970 | D:6      | You add the spells Inner Flame, Cause Fear and Discord to
                  | your library.
  4991 | D:6      | Reached skill level 4 in Dodging
  5149 | D:6      | Noticed a deep elf zephyrmancer
  5158 | D:6      | Killed a deep elf zephyrmancer
  5159 | D:6      | Reached skill level 4 in Fighting
  5159 | D:6      | Reached skill level 3 in Short Blades
  5159 | D:6      | Reached skill level 7 in Stealth
  5159 | D:6      | Reached skill level 1 in Necromancy
  5159 | D:6      | Reached skill level 7 in Invocations
  5321 | D:7      | Reached skill level 2 in Necromancy
  5357 | D:7      | Reached skill level 3 in Conjurations
  5407 | D:7      | HP: 19/78 [orc wizard/puff of flame (10)]
  5411 | D:7      | Slain by an ogre

Vanquished Creatures
  A deep elf zephyrmancer (D:6)
  2 water moccasins
  2 sky beasts
  An ice beast (D:5)
  3 black bears
  3 centaurs (D:5)
  2 phantoms
  A necrophage (D:5)
  A bullfrog (D:7)
  6 scorpions
  9 hounds
  2 orc priests
  2 gnoll shamans
  3 jellies
  5 iguanas
  An orc wizard (D:6)
  5 adders
  12 gnolls
  A shadow imp (D:6)
  2 worms (D:3)
  19 orcs
  2 bats
  5 endoplasms
  4 giant cockroaches
  5 goblins
  7 hobgoblins
  3 jackals (D:3)
  2 quokkas
  5 ball pythons
  3 frilled lizards
  4 kobolds
  5 rats
128 creatures vanquished.

Vanquished Creatures (others)
  10 plants (D:3)
  2 withered plants (D:5)
12 creatures vanquished.

Grand Total: 140 creatures vanquished

Table legend:
 A = Non-vault XP
 B = Vault XP
 C = Vault XP percentage of total XP
 D = Non-vault monster count
 E = Vault monster count
 F = Vault count percentage of total count
                 A         B        C        D         E       F
            +---------+---------+-------+---------+---------+-------
      Total |    3113 |    1131 |  26.6 |     116 |      12 |   9.4
            +---------+---------+-------+---------+---------+-------
        D:1 |      10 |       0 |   0.0 |       6 |       0 |   0.0
        D:2 |      36 |      40 |  52.6 |      15 |       1 |   6.2
        D:3 |      96 |      54 |  36.0 |      23 |       4 |  14.8
        D:4 |     470 |       0 |   0.0 |      25 |       0 |   0.0
        D:5 |    1190 |     400 |  25.2 |      20 |       6 |  23.1
        D:6 |     941 |     637 |  40.4 |      23 |       1 |   4.2
        D:7 |     370 |       0 |   0.0 |       4 |       0 |   0.0
            +---------+---------+-------+---------+---------+-------

Illustrated notes

Table legend:
 A = Kills in this place as a percentage of kills in entire the game.
 B = Kills by you in this place as a percentage of kills by you in the entire game.
 C = Kills by friends in this place as a percentage of kills by friends in the entire game.
 D = Other kills in this place as a percentage of other kills in the entire game.
 E = Experience gained in this place as a percentage of experience gained in the entire game.
 F = Experience gained in this place divided by the number of levels of this place that you have seen.
                   A       B       C       D       E      F
               +-------+-------+-------+-------+-------+----------------------
         Total | 100.0 | 100.0 |   N/A |   N/A | 100.0 | 606.3
       Dungeon | 100.0 | 100.0 |   N/A |   N/A | 100.0 | 606.3
               +-------+-------+-------+-------+-------+----------------------

Table legend: (Time is in decaauts)
 A = Elapsed time spent in this place.
 B = Non-inter-level travel time spent in this place.
 C = Inter-level travel time spent in this place.
 D = Time resting spent in this place.
 E = Time spent auto-exploring this place.
 F = Levels seen in this place.
 G = Mean time per level.
                   A        B        C        D        E       F      G
               +--------+--------+--------+--------+--------+-----+--------+
         Total |   5402 |   5204 |    198 |     78 |   4138 |   7 |  771.7 |
       Dungeon |   5402 |   5204 |    198 |     78 |   4138 |   7 |  771.7 |
               +--------+--------+--------+--------+--------+-----+--------+

Top non-repeatable levels by time:
     D:2: 1433 daAuts
     D:5: 1050 daAuts
     D:3: 999 daAuts
     D:4: 901 daAuts
     D:6: 750 daAuts
     D:1: 162 daAuts
     D:7: 107 daAuts
